 Dungeon Crawl Stone Soup version 0.31-a0-174-g85c54bcb58 (webtiles) character file.

Game seed: 3804783016468072580

53952 qw the Marksgargoyle (level 14, -10/94 HPs)
             Began as a Gargoyle Hunter on June 15, 2023.
             Was a High Priest of Okawaru.
             Shot with an arrow by a centaur warrior (22 damage)
             ... on level 11 of the Dungeon.
             The game lasted 00:07:55 (16241 turns).

qw the Marksgargoyle (Gargoyle Hunter)             Turns: 16241, Time: 00:07:55

Health: -10/94     AC: 33    Str: 26    XL:     14   Next: 70%
Magic:  20/21      EV: 19    Int: 16    God:    Okawaru [*****.]
Gold:   869        SH:  2    Dex: 17    Spells: 13/13 levels left

rFire   + + .        c - +6 longbow "Jeliowom" {drain, Drain rC+ Str+2 Int+6}
rCold   + + +        (shield currently unavailable)
rNeg    + + .        x - +2 ring mail {rF+}
rPois   inf          (helmet restricted)
rElec   +            m - +0 cloak
rCorr   +            l - +1 pair of gloves
SInv    .            y - +2 pair of boots of Cihuimew {rCorr Str+8}
Will    +....        (no amulet)
Stlth   +++          t - ring of the Octopus King {rC+ HP+2 AC+2 EV+2 SH+2}
HPRegen 0.35/turn    v - ring of Eseded {rF+ rN+ AC+4}
MPRegen 0.17/turn

%: no passive effects
@: about to teleport, heroic, flying
A: sickness immunity, AC +10, big wings, negative energy resistance 1,
electricity resistance, torment resistance 1, petrification resistance, antennae
2, cold resistance 1
a: Renounce Religion, Heroism, Finesse, Duel


You were on level 11 of the Dungeon.
You worshipped Okawaru.
Okawaru was extremely pleased with you.
You visited 3 branches of the dungeon, and saw 17 of its levels.
You also visited: Gauntlet.

You collected 1260 gold pieces.
You spent 391 gold pieces at shops.


Innate Abilities, Weirdness & Mutations

You are immune to sickness and miasma.
Your stone body is resilient. (AC +10)
You are immune to poison.
Your large and strong wings let you fly.
You resist negative energy. (rN+)
You are resistant to electric shocks. (rElec)
You are resistant to unholy torment.
You are immune to petrification.
You have a pair of antennae on your head.
Your flesh is cold resistant. (rC+)


   Skills:
 + Level 12.3(17.3) Fighting
 - Level 19.0(24.0) Ranged Weapons
 - Level 7.1(12.1) Armour
 - Level 6.0(11.0) Dodging
 - Level 1.1(6.1) Stealth
 - Level 10.0 Invocations


You had 13 spell levels left.
You didn't know any spells.
Your spell library was empty.

Inventory:

Hand Weapons
 c - the +6 longbow "Jeliowom" (weapon) {drain, Drain rC+ Str+2 Int+6}
   (You acquired it on level 8 of the Dungeon)

   Str:       It affects your strength (+2).
   Int:       It affects your intelligence (+6).
   rC:        It protects you from cold.
   Drain:     It drains your maximum health when unequipped.
 u - a +2 orcbow of freezing
Armour
 b - +0 acid dragon scales
 f - the +2 leather armour of Nemelex Xobeh's Regard {Str+5}
   (You found it on level 4 of the Lair of Beasts)

   Str:       It affects your strength (+5).
 i - a +1 ring mail of cold resistance
 l - a +1 pair of gloves (worn)
 m - a +0 cloak (worn)
 s - the +0 pair of gloves of Privacy {-Tele rF++ Will+++ Str-2}
   (You found it in a Gauntlet)

   Str:       It affects your strength (-2).
   rF:        It greatly protects you from fire.
   -Tele:     It prevents most forms of teleportation.
   Will:      It greatly increases your willpower.
 x - a +2 ring mail of fire resistance (worn)
 y - the +2 pair of boots of Cihuimew (worn) {rCorr Str+8}
   (Okawaru gifted it to you on level 10 of the Dungeon)

   Str:       It affects your strength (+8).
   rCorr:     It protects you from acid and corrosion.
Jewellery
 k - a ring of protection from fire
 n - an amulet of guardian spirit
 t - a ring of the Octopus King (left hand) {rC+ HP+2 AC+2 EV+2 SH+2}
   (You found it in a Gauntlet)

   [ring of protection from cold]

   AC:        It affects your AC (+2).
   EV:        It affects your evasion (+2).
   rC:        It protects you from cold.
   HP:        It affects your health (+2).
   SH:        It affects your SH (+2).
 v - the ring of Eseded (right hand) {rF+ rN+ AC+4}
   (You found it in a Gauntlet)

   [ring of protection]

   AC:        It affects your AC (+4).
   rF:        It protects you from fire.
   rN:        It protects you from negative energy.
 z - an amulet of reflection
Scrolls
 g - 2 scrolls of enchant weapon {unknown}
 h - 3 scrolls of identify
 r - 3 scrolls of teleportation
Potions
 a - 4 potions of curing
 d - 3 potions of haste
 e - 6 potions of cancellation
 j - 3 potions of attraction
 o - a potion of magic
 p - 6 potions of heal wounds
 q - a potion of mutation
 w - 2 potions of might

Dungeon Overview and Level Annotations

Branches:
Dungeon (11/15)            Temple (1/1) D:6            Lair (5/5) D:8
 Shoals (0/4) Lair:2        Snake (0/4) Lair:2        Slime (0/5) Lair:4
    Orc (0/2) D:10        Gauntlet (visited)

Altars:
Ashenzari
Cheibriados
Dithmenos
Elyvilon
Fedhas
Gozag
Hepliaklqana
Kikubaaqudgha
Makhleb
Nemelex Xobeh
Okawaru
Qazlal
Ru
Sif Muna
Trog
Uskayaw
Vehumet
Wu Jian
Xom
Yredelemnul
Zin
The Shining One
Jiyva

Shops:
D:10 *

Annotations:
D:9 4 transporters
Lair:1 1 runed translucent door, qw's ghost, journeyman NaHu
Lair:3 exclusion: 4 oklob plants


Message History

The efreet completely resists.
You shoot an arrow. The arrow hits the efreet.
The efreet is heavily wounded.
The efreet gestures at you.
The fireball explodes!
The fireball engulfs you. You resist.
The fireball engulfs the efreet.
The efreet completely resists.
The fireball engulfs the efreet.
The efreet completely resists.
The efreet completely misses you.
You shoot an arrow. The arrow hits the efreet.
The efreet is severely wounded.
The efreet hits you with a +1 scimitar of flaming.
The efreet hits you with a +0 scimitar of flaming!
The efreet burns you.
You shoot an arrow. The arrow hits the efreet!
The efreet is almost dead.
You shoot an arrow.
The arrow hits the efreet but does no damage.
The efreet is almost dead.
The efreet hits you with a +1 scimitar of flaming.
The efreet gestures at you. The bolt of fire hits you. You resist.
The bolt of fire misses you.
The bolt of fire hits the efreet.
The efreet completely resists.
You shoot an arrow. The arrow hits the efreet!
You kill the efreet!
Okawaru accepts your kill.
The centaur warrior wields a +0 orcbow.
The centaur warrior shoots an arrow.
The arrow hits you but does no damage. The efreet gestures at you.
The bolt of fire hits you! You resist.
The bolt of fire hits you but does no damage.
The bolt of fire hits the efreet.
The efreet completely resists.
You shoot an arrow. The arrow hits the efreet!
The efreet is moderately wounded.
The centaur warrior shoots an arrow.
The arrow hits you! The efreet misses you.
16241 ||| READING 4 scrolls of teleportation.
As you read the scroll of teleportation, it crumbles to dust.
You feel strangely unstable.
The centaur warrior shoots an arrow.
The arrow hits you.
The centaur warrior shoots an arrow.
The arrow hits you!!
You die...

..# ###.................... #.#
#.................#~. #.#
#.............#'###~. #.#
#.............#...#~~ #.#
#.............#...###
#.##########.............'.....#
#........................#.....#
#<.......#####.#####.....#.....#
#........# #..@# #.....#.....#
#........# #.R)# #.....#######
#........#0 #..c# #............
#........# ..###.0##............
##.........#.. ..#...........##
...........### ###...........#
........... ...............#
........... ................#
........... ..............###


You could see a centaur warrior and an efreet.

Vanquished Creatures
  A minotaur (Gauntlet)
  2 fire dragons
  6 hydras
  2 catoblepae
  2 two-headed ogres (D:10)
  A tengu warrior (D:11)
  A boulder beetle (Lair:3)
  7 death yaks
  Urug (Lair:3)
  Nergalle (D:10)
  A swamp dragon (Lair:5)
  A wolf spider (D:10)
  A manticore (D:11)
  2 oklob plants (Lair:3)
  Maurice (D:8)
  Joseph (D:7)
  7 elephants
  Maggie (D:8)
  2 gargoyles (Gauntlet)
  2 torpor snails (Lair:4)
  17 cane toads
  A rime drake (Lair:4)
  An efreet (D:11)
  21 komodo dragons
  2 burning bushes (Lair:5)
  A polar bear (Lair:2)
  A troll (D:8)
  12 blink frogs
  A dream sheep (Lair:5)
  2 raiju (Gauntlet)
  2 hornets
  4 shadows
  4 flying skulls (Gauntlet)
  A centaur simulacrum (D:11)
  6 wyverns
  42 yaks
  7 basilisks
  A steam dragon (D:9)
  4 vampire mosquitoes
  Menkaure (D:6)
  3 nagas (Lair:2)
  Edmund (D:6)
  6 acid dragons
  4 floating eyes (D:10)
  8 water moccasins
  2 ice beasts (D:7)
  3 swamp drakes (Lair:5)
  3 sky beasts
  6 orc warriors
  An ogre (D:7)
  7 centaurs
  5 phantoms
  14 bullfrogs
  2 kobold brigands
  A gnoll sergeant (D:8)
  4 scorpions
  12 wights
  6 killer bees
  2 troll zombies (D:10)
  3 electric eels (Lair:2)
  5 howler monkeys
  A vampire bat (D:5)
  2 jellies
  A gnoll bouda (D:7)
  4 orc priests
  A hound (D:6)
  2 sleepcaps (D:6)
  Jessica (D:3)
  7 iguanas
  11 orc wizards
  A lightning spire (Gauntlet)
  4 ogre zombies (D:10)
  9 gnolls
  12 adders
  A shadow imp (D:6)
  5 white imps
  4 ufetubi
  A worm (D:4)
  24 orcs
  14 endoplasms
  4 giant cockroaches
  6 goblins
  3 hobgoblins
  5 quokkas
  12 ball pythons
  16 bats
  2 frilled lizards
  A goblin skeleton (D:10)
  3 goblin zombies (D:10)
  2 hobgoblin zombies (D:10)
  17 kobolds
  3 orc skeletons (D:10)
  10 orc zombies (D:10)
  7 rats
468 creatures vanquished.

Notes
Turn   | Place    | Note
-------+----------+-------------------------------------------
     0 | D:1      | qw the Gargoyle Hunter began the quest for the Orb.
     0 | D:1      | Reached XP level 1. HP: 12/12 MP: 1/1
     0 | D:1      | 0 ||| qw: Version: 0.2-a-29-g511e9b1
     0 | D:1      | 0 ||| qw: Game counter: 5346
     0 | D:1      | 0 ||| qw: Always use a shield: true
     0 | D:1      | 0 ||| qw: God list: Okawaru
     0 | D:1      | 0 ||| qw: Allow faded altars: false
     0 | D:1      | 0 ||| qw: Do Orc after D:15 true
     0 | D:1      | 0 ||| qw: Do second Lair branch before Depths: true
     0 | D:1      | 0 ||| qw: Lair rune preference: random
     0 | D:1      | 0 ||| qw: Plans: Normal, Zot:1-4, Slime:5, God:TSO, Crypt,
                  | Tomb, Abyss, Pan, Hells, Win
     0 | D:1      | 0 ||| PLANNING D:1-11
    67 | D:1      | Reached XP level 2. HP: 17/17 MP: 2/2
   483 | D:1      | Reached XP level 3. HP: 21/21 MP: 3/3
   488 | D:1      | Reached skill level 5 in Ranged Weapons
   552 | D:1      | 552 ||| READING scroll labelled DEDUCH QAPLUMISUD.
   556 | D:1      | 556 ||| READING scroll labelled IWONLOILEI.
   557 | D:1      | 557 ||| DROPPING scroll of butterflies.
   816 | D:2      | Found a hazy altar of Hepliaklqana.
   897 | D:2      | Reached skill level 3 in Fighting
   916 | D:2      | You fall into a shaft and drop 1 floor!
   974 | D:3      | Reached XP level 4. HP: 20/28 MP: 4/4
  1010 | D:3      | Noticed Jessica
  1021 | D:3      | Killed Jessica
  1060 | D:3      | 1060 ||| UPGRADING to +6 ring of strength.
  1061 | D:3      | 1061 ||| READING scroll labelled DIOSUH QADI.
  1062 | D:3      | 1062 ||| DRINKING 2 puce potions.
  1063 | D:3      | 1063 ||| DRINKING 2 inky potions.
  1277 | D:2      | Identified the +8 sling "Leesatu" {flame, rF- rC+ MP+9}
  1279 | D:2      | 1279 ||| UPGRADING to +8 sling "Leesatu" {flame, rF- rC+
                  | MP+9}.
  1554 | D:3      | Found a bloodstained altar of Trog.
  1583 | D:3      | Reached XP level 5. HP: 32/32 MP: 5/5
  1701 | D:3      | Reached skill level 6 in Ranged Weapons
  1839 | D:3      | 1839 ||| READING scroll labelled ANAUJ OS LOHU.
  1840 | D:3      | 1840 ||| READING scroll labelled SEUT EHUYTOA.
  2183 | D:4      | 2183 ||| Stepping ~*~*~tactically~*~*~ (outnumbered).
  2189 | D:4      | Reached XP level 6. HP: 38/39 MP: 6/6
  2499 | D:4      | 2499 ||| Stepping ~*~*~tactically~*~*~ (outnumbered).
  2501 | D:4      | 2501 ||| Stepping ~*~*~tactically~*~*~ (outnumbered).
  2503 | D:4      | 2503 ||| Stepping ~*~*~tactically~*~*~ (outnumbered).
  2507 | D:4      | Reached skill level 7 in Ranged Weapons
  2508 | D:4      | HP: 9/39 [orc priest/nerve-wracking pain (4)]
  2509 | D:4      | 2509 ||| DRINKING 3 potions of heal wounds.
  2512 | D:4      | Reached XP level 7. HP: 14/44 MP: 7/7
  2727 | D:4      | Found a broken altar of Ashenzari.
  2781 | D:4      | Noticed a yak
  2788 | D:4      | Killed a yak
  2997 | D:4      | Found a glowing golden altar of the Shining One.
  3028 | D:4      | 3028 ||| UPGRADING to +0 ring mail.
  3038 | D:4      | 3038 ||| DROPPING +0 leather armour.
  3039 | D:4      | 3039 ||| UPGRADING to +0 pair of gloves.
  3044 | D:4      | 3044 ||| READING scroll labelled TAUFUG RARIR.
  3045 | D:4      | 3045 ||| READING 2 scrolls of identify.
  3045 | D:4      | 3045 ||| IDENTIFYING sapphire potion
  3046 | D:4      | 3046 ||| DROPPING potion of brilliance.
  3115 | D:5      | Entered Level 5 of the Dungeon
  3168 | D:5      | Found a hazy altar of Hepliaklqana.
  3285 | D:5      | Reached skill level 8 in Ranged Weapons
  3500 | D:5      | Reached XP level 8. HP: 49/49 MP: 8/8
  3811 | D:5      | 3811 ||| UPGRADING to amulet of guardian spirit.
  3816 | D:5      | 3816 ||| READING scroll labelled TOEN ACROG.
  3817 | D:5      | 3817 ||| READING scroll labelled POZXAT CEENN.
  3818 | D:5      | 3818 ||| READING 3 scrolls of identify.
  3818 | D:5      | 3818 ||| IDENTIFYING coppery potion
  3819 | D:5      | 3819 ||| READING 2 scrolls of identify.
  3819 | D:5      | 3819 ||| IDENTIFYING bubbling emerald potion
  3935 | D:6      | Reached skill level 9 in Ranged Weapons
  4021 | D:6      | Found a staircase to the Ecumenical Temple.
  4022 | D:6      | 4022 ||| PLANNING TEMPLE
  4022 | D:6      | 4022 ||| READING scroll labelled ANEETAE HIARE.
  4023 | D:6      | 4023 ||| READING 2 scrolls of identify.
  4023 | D:6      | 4023 ||| IDENTIFYING dark potion
  4024 | D:6      | 4024 ||| DROPPING potion of invisibility.
  4029 | Temple   | Entered the Ecumenical Temple
  4039 | Temple   | 4039 ||| PLANNING OKAWARU WORSHIP
  4206 | Temple   | Became a worshipper of Warmaster Okawaru
  4207 | Temple   | 4207 ||| PLANNING D:1-11
  4207 | Temple   | 4207 ||| REMOVING amulet of guardian spirit.
  4267 | D:6      | Noticed Edmund
  4277 | D:6      | Killed Edmund
  4278 | D:6      | Reached skill level 6 in Fighting
  4451 | D:6      | Reached * piety under Okawaru
  4476 | D:6      | Noticed Menkaure
  4477 | D:6      | 4477 ||| INVOKING Heroism.
  4478 | D:6      | 4478 ||| INVOKING Heroism.
  4488 | D:6      | Killed Menkaure
  4489 | D:6      | Reached skill level 10 in Ranged Weapons
  4489 | D:6      | Reached XP level 9. HP: 25/56 MP: 9/9
  4783 | D:6      | 4783 ||| READING scroll labelled EHUMUL XOOMIPS.
  4827 | D:7      | Reached skill level 1 in Invocations
  4827 | D:7      | 4827 ||| FLEEEEING.
  4828 | D:7      | 4828 ||| FLEEEEING.
  4836 | D:7      | Reached skill level 3 in Dodging
  4899 | D:7      | 4899 ||| UPGRADING to +0 orcbow.
  4900 | D:7      | 4900 ||| DROPPING +0 shortbow.
  5048 | D:7      | Reached skill level 3 in Invocations
  5074 | D:7      | 5074 ||| INVOKING Heroism.
  5143 | D:7      | Noticed Joseph
  5147 | D:7      | 5147 ||| INVOKING Heroism.
  5169 | D:7      | 5169 ||| INVOKING Heroism.
  5173 | D:7      | HP: 12/57 [Joseph/+0 quarterstaff (12)]
  5174 | D:7      | 5174 ||| DRINKING 2 potions of heal wounds.
  5176 | D:7      | Killed Joseph
  5363 | D:7      | 5363 ||| INVOKING Heroism.
  5374 | D:7      | Reached skill level 11 in Ranged Weapons
  5651 | D:7      | 5651 ||| UPGRADING to +1 ring mail of cold resistance.
  5661 | D:7      | 5661 ||| DROPPING +0 ring mail.
  5662 | D:7      | 5662 ||| UPGRADING to ring of protection from fire.
  5750 | D:8      | Reached skill level 3 in Armour
  5752 | D:8      | Noticed a troll
  5755 | D:8      | 5755 ||| INVOKING Heroism.
  5767 | D:8      | Killed a troll
  5768 | D:8      | Reached XP level 10. HP: 23/64 MP: 10/13
  5783 | D:8      | 5783 ||| FLEEEEING.
  5784 | D:8      | 5784 ||| STAIRDANCE
  5935 | D:8      | 5935 ||| INVOKING Heroism.
  5935 | D:8      | Noticed Maggie
  5956 | D:8      | 5956 ||| DRINKING 2 potions of curing.
  5956 | D:8      | 5956 ||| (to cure confusion)
  5958 | D:8      | HP: 12/64 [something/magic dart (7)]
  5959 | D:8      | 5959 ||| DRINKING potion of heal wounds.
  5965 | D:8      | 5965 ||| INVOKING Heroism.
  5970 | D:8      | Killed Maggie
  5972 | D:8      | HP: 16/64 [something (2)]
  6000 | D:8      | 6000 ||| INVOKING Heroism.
  6152 | D:8      | Noticed Maurice
  6161 | D:8      | 6161 ||| FLEEEEING.
  6179 | D:8      | Killed Maurice
  6180 | D:8      | Reached skill level 12 in Ranged Weapons
  6183 | D:8      | 6183 ||| INVOKING Heroism.
  6397 | D:8      | 6397 ||| INVOKING Heroism.
  6418 | D:8      | Found a staircase to the Lair.
  6463 | D:8      | 6463 ||| INVOKING Heroism.
  6844 | D:8      | 6844 ||| PLANNING LAIR
  6844 | D:8      | 6844 ||| UPGRADING to +0 cloak.
  6849 | D:8      | 6849 ||| READING scroll labelled RAPNUSKESHA.
  6849 | D:8      | Identified a scroll of acquirement
  6849 | D:8      | 6849 ||| ACQUIRING +6 longbow "Jeliowom" {drain, Drain rC+
                  | Str+2 Int+6}
  6849 | D:8      | Acquired the +6 longbow "Jeliowom" {drain, Drain rC+ Str+2
                  | Int+6}
  6851 | D:8      | 6851 ||| UPGRADING to +6 longbow "Jeliowom" {drain, Drain
                  | rC+ Str+2 Int+6}.
  6852 | D:8      | 6852 ||| DRINKING 2 murky cyan potions.
  6852 | D:8      | Gained mutation: You have a pair of small antennae on your
                  | head. [potion of mutation]
  6852 | D:8      | Gained mutation: You have hidden genetic potential. [potion
                  | of mutation]
  6853 | D:8      | 6853 ||| READING 2 scrolls of identify.
  6853 | D:8      | 6853 ||| IDENTIFYING viscous green potion
  6906 | Lair:1   | Entered Level 1 of the Lair of Beasts
  6967 | Lair:1   | 6967 ||| INVOKING Heroism.
  6989 | Lair:1   | Reached ** piety under Okawaru
  6990 | Lair:1   | Found a runed translucent door.
  6992 | Lair:1   | Noticed qw's ghost (journeyman NaHu)
  6993 | Lair:1   | Noticed a skyshark
  7009 | Lair:1   | Reached skill level 13 in Ranged Weapons
  7034 | Lair:1   | Noticed a cane toad
  7035 | Lair:1   | 7035 ||| INVOKING Heroism.
  7038 | Lair:1   | Killed a cane toad
  7110 | Lair:1   | Noticed a fire dragon
  7111 | Lair:1   | 7111 ||| INVOKING Heroism.
  7123 | Lair:1   | Killed a fire dragon
  7124 | Lair:1   | Reached skill level 9 in Fighting
  7175 | Lair:1   | 7175 ||| INVOKING Heroism.
  7180 | Lair:1   | Reached XP level 11. HP: 71/71 MP: 11/14
  7300 | Lair:1   | 7300 ||| INVOKING Heroism.
  7834 | Lair:1   | 7834 ||| UPGRADING to +0 pair of boots.
  7839 | Lair:1   | 7839 ||| READING scroll labelled WIHIKON LEARA.
  7864 | Lair:2   | 7864 ||| INVOKING Heroism.
  7872 | Lair:2   | Noticed a four-headed hydra
  7880 | Lair:2   | Killed a four-headed hydra
  7892 | Lair:2   | Gained mutation: Your flesh is cold resistant. (rC+)
                  | [hidden potential]
  7921 | Lair:2   | Found a staircase to the Shoals.
  7926 | Lair:2   | 7926 ||| DROPPING +8 sling "Leesatu" {flame, rF- rC+ MP+9}.
  7927 | Lair:2   | 7927 ||| DROPPING +0 orcbow.
  7939 | Lair:2   | Found a dark tunnel.
  7958 | Lair:2   | Noticed a four-headed hydra
  7959 | Lair:2   | 7959 ||| INVOKING Heroism.
  7962 | Lair:2   | Killed a four-headed hydra
  8029 | Lair:2   | Reached skill level 14 in Ranged Weapons
  8041 | Lair:2   | 8041 ||| INVOKING Heroism.
  8057 | Lair:2   | Reached *** piety under Okawaru
  8079 | Lair:2   | 8079 ||| INVOKING Heroism.
  8081 | Lair:2   | 8081 ||| UPGRADING to +0 acid dragon scales.
  8082 | Lair:2   | 8082 ||| UPGRADING to +0 acid dragon scales.
  8083 | Lair:2   | 8083 ||| UPGRADING to +0 acid dragon scales.
  8147 | Lair:2   | 8147 ||| FLEEEEING.
  8148 | Lair:2   | 8148 ||| FLEEEEING.
  8153 | Lair:2   | 8153 ||| FLEEEEING.
  8154 | Lair:2   | 8154 ||| FLEEEEING.
  8155 | Lair:2   | 8155 ||| FLEEEEING.
  8187 | Lair:2   | 8187 ||| UPGRADING to +0 acid dragon scales.
  8211 | Lair:2   | Reached skill level 6 in Armour
  8218 | Lair:2   | 8218 ||| INVOKING Heroism.
  8316 | Lair:2   | 8316 ||| INVOKING Heroism.
  8380 | Lair:2   | Noticed a six-headed hydra
  8381 | Lair:2   | 8381 ||| INVOKING Heroism.
  8390 | Lair:2   | Killed a six-headed hydra
  8402 | Lair:2   | Reached XP level 12. HP: 47/77 MP: 15/15
  8408 | Lair:2   | Reached skill level 15 in Ranged Weapons
  8547 | Lair:2   | 8547 ||| INVOKING Heroism.
  8597 | Lair:2   | Found a staircase to the Snake Pit.
  8598 | Lair:2   | Reached **** piety under Okawaru
  8624 | Lair:2   | Noticed a catoblepas
  8625 | Lair:2   | 8625 ||| INVOKING Heroism.
  8659 | Lair:2   | Gained mutation: You have a pair of antennae on your head.
                  | [hidden potential]
  8659 | Lair:2   | Lost mutation: You have hidden genetic potential. [hidden
                  | potential expressed]
  8660 | Lair:2   | Killed a catoblepas
  8959 | Lair:2   | 8959 ||| READING scroll labelled EDGHIU HOIXTUTT.
  8960 | Lair:2   | 8960 ||| READING scroll labelled TUTZIS BIERAFE.
  8995 | Lair:3   | 8995 ||| INVOKING Heroism.
  9010 | Lair:3   | 9010 ||| STAIRDANCE
  9268 | Lair:3   | Noticed a boulder beetle
  9269 | Lair:3   | 9269 ||| INVOKING Heroism.
  9276 | Lair:3   | Killed a boulder beetle
  9428 | Lair:3   | 9428 ||| INVOKING Heroism.
  9518 | Lair:3   | Reached skill level 6 in Invocations
  9565 | Lair:3   | Noticed a death yak
  9566 | Lair:3   | 9566 ||| INVOKING Heroism.
  9568 | Lair:3   | Noticed a death yak
  9569 | Lair:3   | Noticed a death yak
  9574 | Lair:3   | Noticed a death yak
  9576 | Lair:3   | Killed a death yak
  9577 | Lair:3   | Noticed a death yak
  9580 | Lair:3   | Noticed a death yak
  9583 | Lair:3   | Killed a death yak
  9588 | Lair:3   | Killed a death yak
  9589 | Lair:3   | Reached skill level 16 in Ranged Weapons
  9593 | Lair:3   | 9593 ||| INVOKING Heroism.
  9599 | Lair:3   | Killed a death yak
  9603 | Lair:3   | Killed a death yak
  9607 | Lair:3   | Killed a death yak
  9607 | Lair:3   | Reached ***** piety under Okawaru
  9763 | Lair:3   | Noticed a five-headed hydra
  9764 | Lair:3   | 9764 ||| INVOKING Heroism.
  9768 | Lair:3   | Killed a five-headed hydra
 10065 | Lair:3   | Noticed Urug
 10066 | Lair:3   | 10066 ||| INVOKING Heroism.
 10078 | Lair:3   | Killed Urug
 10079 | Lair:3   | Reached XP level 13. HP: 84/84 MP: 17/19
 10431 | Lair:3   | 10431 ||| READING 3 scrolls of identify.
 10431 | Lair:3   | 10431 ||| IDENTIFYING metallic red potion
 10432 | Lair:3   | 10432 ||| DROPPING potion of berserk rage.
 10457 | Lair:4   | Found a gate leading to a gauntlet.
 10458 | Lair:4   | 10458 ||| PLANNING GAUNTLET
 10461 | Gauntlet | Entered a Gauntlet
 10461 | Gauntlet | Found a transporter.
 10461 | Gauntlet | Found a transporter.
 10465 | Gauntlet | Found a transporter.
 10465 | Gauntlet | Found a transporter.
 10475 | Gauntlet | Found a transporter.
 10485 | Gauntlet | Found a transporter.
 10485 | Gauntlet | Found a transporter.
 10488 | Gauntlet | Found a transporter.
 10503 | Gauntlet | Found the +3 hat of Pondering {ponderous, Will+ MP+10
                  | Int+5}
 10529 | Gauntlet | Found a transporter.
 10550 | Gauntlet | Found a transporter.
 10566 | Gauntlet | Found a transporter.
 10606 | Gauntlet | Found a transporter.
 10622 | Gauntlet | Found a transporter.
 10724 | Gauntlet | Found a transporter.
 10738 | Gauntlet | Found a transporter.
 10752 | Gauntlet | Found a transporter.
 10828 | Gauntlet | 10828 ||| INVOKING Heroism.
 10960 | Gauntlet | 10960 ||| UPGRADING to +2 pair of boots of flying.
 10970 | Gauntlet | 10970 ||| DROPPING +0 pair of boots.
 11006 | Gauntlet | 11006 ||| INVOKING Heroism.
 11151 | Gauntlet | Reached skill level 9 in Invocations
 11169 | Gauntlet | Identified the +0 pair of gloves of Privacy {-Tele rF++
                  | Will+++ Str-2}
 11185 | Gauntlet | Noticed a minotaur
 11186 | Gauntlet | 11186 ||| INVOKING Heroism.
 11190 | Gauntlet | Killed a minotaur
 11205 | Gauntlet | Found the ring of the Octopus King
 11212 | Gauntlet | Identified a ring of the Octopus King {rC+ HP+2 AC+2 EV+2
                  | SH+2}
 11212 | Gauntlet | Identified the ring of Eseded {rF+ rN+ AC+4}
 11262 | Gauntlet | 11262 ||| DROPPING ring of positive energy.
 11263 | Gauntlet | 11263 ||| UPGRADING to ring of the Octopus King {rC+ HP+2
                  | AC+2 EV+2 SH+2}.
 11268 | Gauntlet | 11268 ||| UPGRADING to ring of Eseded {rF+ rN+ AC+4}.
 11270 | Gauntlet | 11270 ||| DROPPING +6 ring of strength.
 11283 | Lair:4   | 11283 ||| PLANNING LAIR
 11336 | Lair:4   | 11336 ||| INVOKING Heroism.
 11593 | Lair:4   | 11593 ||| INVOKING Heroism.
 11623 | Lair:4   | Identified the +2 leather armour of Nemelex Xobeh's Regard
                  | {Str+5}
 11628 | Lair:4   | 11628 ||| INVOKING Heroism.
 11690 | Lair:4   | 11690 ||| INVOKING Heroism.
 11748 | Lair:4   | 11748 ||| INVOKING Heroism.
 11909 | Lair:4   | 11909 ||| INVOKING Heroism.
 11916 | Lair:4   | Reached skill level 17 in Ranged Weapons
 11923 | Lair:4   | 11923 ||| INVOKING Finesse.
 11960 | Lair:4   | 11960 ||| INVOKING Heroism.
 11961 | Lair:4   | 11961 ||| INVOKING Finesse.
 12029 | Lair:4   | 12029 ||| INVOKING Heroism.
 12046 | Lair:4   | 12046 ||| UPGRADING to +2 leather armour of Nemelex Xobeh's
                  | Regard {Str+5}.
 12058 | Lair:4   | 12058 ||| UPGRADING to +0 acid dragon scales.
 12063 | Lair:4   | 12063 ||| UPGRADING to +2 leather armour of Nemelex Xobeh's
                  | Regard {Str+5}.
 12238 | Lair:4   | 12238 ||| INVOKING Heroism.
 12330 | Lair:4   | Reached skill level 6 in Dodging
 12646 | Lair:4   | Found a viscous altar of Jiyva.
 12646 | Lair:4   | Found a staircase to the Slime Pits.
 12688 | Lair:4   | 12688 ||| READING 4 scrolls of identify.
 12688 | Lair:4   | 12688 ||| IDENTIFYING black potion
 12689 | Lair:4   | 12689 ||| DROPPING potion of degeneration.
 12703 | Lair:5   | Entered Level 5 of the Lair of Beasts
 12704 | Lair:5   | 12704 ||| INVOKING Heroism.
 12738 | Lair:5   | Gained mutation: Your large and strong wings let you fly.
                  | [Gargoyle growth]
 12738 | Lair:5   | Reached XP level 14. HP: 90/90 MP: 21/21
 13145 | Lair:5   | Reached skill level 18 in Ranged Weapons
 13229 | Lair:5   | 13229 ||| FLEEEEING.
 13230 | Lair:5   | 13230 ||| FLEEEEING.
 13236 | Lair:5   | 13236 ||| FLEEEEING.
 13237 | Lair:5   | 13237 ||| FLEEEEING.
 13238 | Lair:5   | 13238 ||| FLEEEEING.
 13239 | Lair:5   | 13239 ||| FLEEEEING.
 13240 | Lair:5   | 13240 ||| FLEEEEING.
 13241 | Lair:5   | 13241 ||| FLEEEEING.
 13242 | Lair:5   | 13242 ||| FLEEEEING.
 13243 | Lair:5   | 13243 ||| FLEEEEING.
 13244 | Lair:5   | 13244 ||| FLEEEEING.
 13245 | Lair:5   | 13245 ||| FLEEEEING.
 13247 | Lair:5   | 13247 ||| FLEEEEING.
 13252 | Lair:5   | 13252 ||| FLEEEEING.
 13253 | Lair:5   | 13253 ||| FLEEEEING.
 13254 | Lair:5   | 13254 ||| FLEEEEING.
 13255 | Lair:5   | 13255 ||| FLEEEEING.
 13256 | Lair:5   | 13256 ||| FLEEEEING.
 13257 | Lair:5   | 13257 ||| FLEEEEING.
 13258 | Lair:5   | 13258 ||| FLEEEEING.
 13259 | Lair:5   | 13259 ||| FLEEEEING.
 13261 | Lair:5   | 13261 ||| FLEEEEING.
 13263 | Lair:5   | 13263 ||| FLEEEEING.
 13264 | Lair:5   | 13264 ||| FLEEEEING.
 13265 | Lair:5   | 13265 ||| FLEEEEING.
 13266 | Lair:5   | 13266 ||| FLEEEEING.
 13267 | Lair:5   | 13267 ||| FLEEEEING.
 13268 | Lair:5   | 13268 ||| FLEEEEING.
 13269 | Lair:5   | 13269 ||| FLEEEEING.
 13270 | Lair:5   | 13270 ||| FLEEEEING.
 13274 | Lair:5   | 13274 ||| FLEEEEING.
 13275 | Lair:5   | 13275 ||| FLEEEEING.
 13276 | Lair:5   | 13276 ||| FLEEEEING.
 13277 | Lair:5   | 13277 ||| FLEEEEING.
 13278 | Lair:5   | 13278 ||| FLEEEEING.
 13279 | Lair:5   | 13279 ||| STAIRDANCE
 13335 | Lair:4   | 13335 ||| READING 3 scrolls of identify.
 13335 | Lair:4   | 13335 ||| IDENTIFYING metallic inky potion
 13336 | Lair:4   | 13336 ||| DROPPING potion of ambrosia.
 13427 | Lair:5   | 13427 ||| FLEEEEING.
 13428 | Lair:5   | 13428 ||| FLEEEEING.
 13429 | Lair:5   | 13429 ||| FLEEEEING.
 13430 | Lair:5   | 13430 ||| FLEEEEING.
 13431 | Lair:5   | 13431 ||| FLEEEEING.
 13433 | Lair:5   | 13433 ||| FLEEEEING.
 13434 | Lair:5   | 13434 ||| FLEEEEING.
 13496 | Lair:5   | 13496 ||| INVOKING Heroism.
 13497 | Lair:5   | 13497 ||| INVOKING Finesse.
 13758 | Lair:5   | 13758 ||| PLANNING D:1-11
 13758 | Lair:5   | 13758 ||| READING scroll labelled NYOFOV PUY.
 13809 | Lair:5   | 13809 ||| READING 2 scrolls of identify.
 13809 | Lair:5   | 13809 ||| IDENTIFYING purple potion
 13943 | D:9      | 13943 ||| Stepping ~*~*~tactically~*~*~ (outnumbered).
 13996 | D:9      | Reached skill level 12 in Fighting
 14142 | D:9      | 14142 ||| FLEEEEING.
 14143 | D:9      | 14143 ||| FLEEEEING.
 14146 | D:9      | 14146 ||| FLEEEEING.
 14149 | D:9      | 14149 ||| FLEEEEING.
 14150 | D:9      | 14150 ||| FLEEEEING.
 14151 | D:9      | 14151 ||| STAIRDANCE
 14234 | D:9      | Found a shadowy altar of Dithmenos.
 14261 | D:9      | Found a transporter.
 14277 | D:9      | Found a transporter.
 14304 | D:9      | Found a transporter.
 14397 | D:9      | 14397 ||| Stepping ~*~*~tactically~*~*~ (outnumbered).
 14399 | D:9      | 14399 ||| Stepping ~*~*~tactically~*~*~ (outnumbered).
 14439 | D:9      | Found a sacrificial altar of Ru.
 14547 | D:9      | Found a transporter.
 14606 | D:9      | 14606 ||| DROPPING ring of magical power.
 14621 | D:10     | Entered Level 10 of the Dungeon
 14777 | D:10     | Found a staircase to the Orcish Mines.
 14796 | D:10     | 14796 ||| Stepping ~*~*~tactically~*~*~ (outnumbered).
 14844 | D:10     | Noticed Nergalle
 14849 | D:10     | Killed Nergalle
 14957 | D:10     | Found Zich's General Store.
 14970 | D:10     | 14970 ||| BUYING +2 ring mail of fire resistance (357
                  | gold).
 14970 | D:10     | Bought a +2 ring mail of fire resistance for 357 gold
                  | pieces
 14970 | D:10     | 14970 ||| BUYING scroll of identify (34 gold).
 14970 | D:10     | Bought a scroll of identify for 34 gold pieces
 15005 | D:10     | 15005 ||| Stepping ~*~*~tactically~*~*~ (outnumbered).
 15024 | D:10     | 15024 ||| Stepping ~*~*~tactically~*~*~ (outnumbered).
 15028 | D:10     | Identified the +2 pair of boots of Cihuimew {rCorr Str+8}
                  | (Okawaru gifted it to you on level 10 of the Dungeon)
 15028 | D:10     | Received a gift from Okawaru
 15033 | D:10     | 15033 ||| FLEEEEING.
 15034 | D:10     | 15034 ||| FLEEEEING.
 15035 | D:10     | 15035 ||| FLEEEEING.
 15037 | D:10     | 15037 ||| FLEEEEING.
 15037 | D:10     | Paralysed by a floating eye for 2 turns
 15039 | D:10     | 15039 ||| FLEEEEING.
 15040 | D:10     | 15040 ||| FLEEEEING.
 15041 | D:10     | 15041 ||| FLEEEEING.
 15042 | D:10     | 15042 ||| FLEEEEING.
 15043 | D:10     | 15043 ||| FLEEEEING.
 15044 | D:10     | 15044 ||| FLEEEEING.
 15044 | D:10     | Paralysed by a floating eye for 4 turns
 15439 | D:10     | 15439 ||| INVOKING Heroism.
 15703 | D:10     | 15703 ||| UPGRADING to +2 ring mail of fire resistance.
 15713 | D:10     | 15713 ||| UPGRADING to +2 pair of boots of Cihuimew {rCorr
                  | Str+8}.
 15723 | D:10     | 15723 ||| DROPPING +2 pair of boots of flying.
 15724 | D:10     | 15724 ||| DROPPING ring of see invisible.
 15725 | D:10     | 15725 ||| READING 2 scrolls of identify.
 15725 | D:10     | 15725 ||| IDENTIFYING fuming pink potion
 16019 | D:11     | 16019 ||| READING scroll of enchant armour.
 16019 | D:11     | 16019 ||| ENCHANTING +0 pair of gloves.
 16085 | D:11     | Reached skill level 19 in Ranged Weapons
 16234 | D:11     | 16234 ||| INVOKING Heroism.
 16240 | D:11     | HP: 15/94 [centaur warrior/arrow (15)]
 16241 | D:11     | 16241 ||| READING 4 scrolls of teleportation.
 16241 | D:11     | Shot with an arrow by a centaur warrior

Levels and vault maps discovered:
D:1:      beargit_arrival_diablo_church, layout_rooms
D:2:      layout_loops_ring, basic_altar, minmay_crystal_room,
          due_unseen_surprise
D:3:      layout_basic, trog_book, minmay_misc_feat_iff, uniq_jessica
D:4:      layout_loops_ring, nicolae_tso_swordbearing_angel,
          kennysheep_little_box, minmay_small_thing
D:5:      layout_loops_cross, nicolae_hepliaklqana_hazy_memory, roderic_batcave
D:6:      layout_basic, temple_doors_e, nicolae_half_adder, uniq_edmund,
          uniq_menkaure
D:7:      layout_basic, uniq_joseph
D:8:      layout_basic, grunt_lair_entry_orc_guard_hut, uniq_maurice,
          uniq_maggie
D:9:      layout_cave_pools, marbit_many_paths, general_overflow_altar,
          ebering_dispersal_statue_hall, nicolae_diode_intersection
D:10:     layout_layer_cave, zombieorc1_lemuel, serial_shops, shop,
          onia_ninara_cookie, uniq_nergalle
D:11:     minmay_blocky_corners, layout_irregular_city, serial_ice,
          serial_ice_o, serial_ice_e, serial_ice_n, serial_ice_m,
          portal_ice_cave_entry_animals_and_master, grunt_decor_arrowhead
Temple:   eino_temple_scatter_basement
Lair:1:   dragon1_lemuel, layout_gridlike, ebering_ghost_inner_flame
Lair:2:   layout_cave_shapes, minmay_shoals_entry_centaurs,
          nicolae_snake_entry_squirm, nicolae_volcano_entry_hallway,
          small_statue_intersection, st_stairs_9, nicolae_lair_lil_pond,
          serial_bayou_lake_a
Lair:3:   layout_regular_city, chequers_serial_rivers_room_b, dpeg_oklob_1,
          uniq_urug
Lair:4:   nzn_winding_woodlands_small [nzn_winding_woodlands_5x15_concentric,
          nzn_winding_woodlands_center_triple_pond,
          nzn_winding_woodlands_5x15_parted], layout_regular_city,
          nicolae_slime_entry_slimehenge, gauntlet_entry_generic,
          wad_woods_road_02, pond
Lair:5:   guppyfry_lair_end_dragon, layout_regular_city,
          chequers_serial_rivers_small_b, evilmike_ambush
          [evilmike_ambush_outer_basic, evilmike_ambush_inner_wall_1]

Skill      XL: |  1  2  3  4  5  6  7  8  9 10 11 12 13 14 |
---------------+-------------------------------------------+-----
Ranged Weapons | 5 6 7 8 10 11 13 14 16 17 19 | 19.0
Fighting       | 3 4 5 6 8 9 10 11 12 | 12.3
Dodging        | 2 3 4 5 6 |  6.0
Armour         | 2 3 4 6 7 |  7.1
Invocations    | 4 8 10 | 10.0
Stealth        | |  1.1

Action                     |  1- 3 |  4- 6 |  7- 9 | 10-12 | 13-15 || total
---------------------------+-------+-------+-------+-------+-------++-------
   Fire: Shortbow          |   127 |    24 |       |       |       ||   151
         Sling             |       |    73 |   159 |       |       ||   232
         Orcbow            |       |       |   127 |   118 |       ||   245
         Longbow           |       |       |       |   342 |   703 ||  1045
 Invoke: Heroism           |       |       |     6 |    27 |    16 ||    49
         Finesse           |       |       |       |       |     3 ||     3
    Use: Scroll            |     2 |     3 |     9 |     5 |     8 ||    27
         Potion            |       |     3 |     1 |     3 |       ||     7
 Armour: Leather armour    |    29 |     3 |     1 |       |    58 ||    91
         Ring mail         |       |       |    73 |    53 |     6 ||   132
         Acid dragon scale |       |       |       |    40 |    78 ||   118
  Dodge: Dodged            |    40 |    14 |   101 |   161 |   259 ||   575
  Block: Other             |       |       |       |       |    14 ||    14

Table legend:
 A = Non-vault XP
 B = Vault XP
 C = Vault XP percentage of total XP
 D = Non-vault monster count
 E = Vault monster count
 F = Vault count percentage of total count
                 A         B        C        D         E       F
            +---------+---------+-------+---------+---------+-------
      Total |   46866 |   30209 |  39.2 |     319 |     149 |  31.8
            +---------+---------+-------+---------+---------+-------
        D:1 |      43 |       0 |   0.0 |      28 |       0 |   0.0
        D:2 |      41 |       0 |   0.0 |      20 |       0 |   0.0
        D:3 |      67 |      37 |  35.6 |      18 |       1 |   5.3
        D:4 |     457 |     209 |  31.4 |      24 |       1 |   4.0
        D:5 |     499 |      62 |  11.1 |      14 |       7 |  33.3
        D:6 |     752 |     407 |  35.1 |      14 |       8 |  36.4
        D:7 |     922 |     475 |  34.0 |      13 |       1 |   7.1
        D:8 |    1113 |    1365 |  55.1 |      18 |       8 |  30.8
        D:9 |    1784 |     209 |  10.5 |      29 |       1 |   3.3
       D:10 |    4065 |    5126 |  55.8 |      26 |      46 |  63.9
       D:11 |    2415 |    1830 |  43.1 |      13 |       8 |  38.1
     Lair:1 |    2603 |     923 |  26.2 |      12 |       1 |   7.7
     Lair:2 |   11205 |    1282 |  10.3 |      35 |       8 |  18.6
     Lair:3 |    7991 |    1877 |  19.0 |      14 |       3 |  17.6
     Lair:4 |    7384 |    7193 |  49.3 |      26 |      24 |  48.0
     Lair:5 |    5525 |    5056 |  47.8 |      15 |      21 |  58.3
   Gauntlet |       0 |    4158 | 100.0 |       0 |      11 | 100.0
            +---------+---------+-------+---------+---------+-------
